2911 views
Uploaded 2019-12-01 21:24:03
Game version 1.32.0.3 / 1.32.0.3.1
15:22 long 4on4 ladder game on (8)Feralas_LV
Saved by iggythefisk
2911 views
Uploaded 2019-12-01 21:24:03
Game version 1.32.0.3 / 1.32.0.3.1
15:22 long 4on4 ladder game on (8)Feralas_LV


87 units @ 6k
/ 0k
207 buildings @ 15.1k
/ 7.6k



| Boots of Speed | 3 | 750 |
| Staff of Teleportation | 2 | 300 |
| Circlet of Nobility | 1 | 175 |
| Periapt of Vitality | 1 | 325 |
| total: | 7 | 1550g |
| Wisp | 35 | 2100 | / | 0 |
| total: | 35 | 2100g | / | 0w |
| Altar of Elders | 1 | 180 | / | 50 |
| Moon Well | 12 | 2160 | / | 480 |
| Tree of Life | 2 | 680 | / | 370 |
| Hunter's Hall | 1 | 210 | / | 100 |
| Tree of Ages | 1 | 320 | / | 180 |
| Tree of Eternity | 1 | 330 | / | 200 |
| total: | 16 | 3230g | / | 1000w |
| 0:01 | Wisp |
| 0:03 | Altar of Elders |
| 0:04 | Wisp |
| 0:23 | Wisp |
| 0:41 | Wisp |
| 1:01 | Moon Well |
| 1:04 | Moon Well |
| 1:05 | Wisp |
| 2:01 | Wisp |
| 2:05 | Wisp |
| 2:18 | Pocket Factory |
| 2:27 | Wisp |
| 2:28 | Wisp |
| 2:44 | Wisp |
| 2:53 | Wisp |
| 3:34 | Tree of Life |
| 3:50 | Wisp |
| 4:13 | Engineering Upgrade |
| 4:22 | Boots of Speed |
| 4:37 | Tree of Ages |
| 5:08 | Moon Well |
| 5:45 | Wisp |
| 5:45 | Wisp |
| 5:46 | Wisp |
| 5:46 | Wisp |
| 5:46 | Wisp |
| 6:02 | Wisp |
| 6:16 | Staff of Teleportation |
| 7:01 | Pocket Factory |
| 7:22 | Wisp |
| 7:27 | Healing Spray |
| 7:36 | Wisp |
| 7:39 | Moon Well |
| 7:40 | Moon Well |
| 7:42 | Moon Well |
| 8:21 | Tree of Eternity |
| 8:50 | Wisp |
| 8:50 | Wisp |
| 8:52 | Tree of Life |
| 9:26 | Wisp |
| 9:26 | Wisp |
| 9:50 | Chemical Rage |
| 10:37 | Hunter's Hall |
| 10:48 | Engineering Upgrade |
| 11:14 | Nature's Blessing |
| 11:16 | Wisp |
| 11:17 | Wisp |
| 11:17 | Wisp |
| 11:17 | Wisp |
| 11:37 | Wisp |
| 11:37 | Wisp |
| 11:39 | Wisp |
| 11:40 | Well Spring |
| 11:52 | Moon Well |
| 11:53 | Moon Well |
| 12:08 | Summon Quilbeast |
| 12:23 | Circlet of Nobility |
| 12:25 | Periapt of Vitality |
| 12:25 | Boots of Speed |
| 12:26 | Staff of Teleportation |
| 12:29 | Boots of Speed |
| 12:39 | Wisp |
| 12:39 | Wisp |
| 12:47 | Wisp |
| 14:07 | Moon Well |
| 14:08 | Moon Well |
| 14:09 | Moon Well |
| 14:09 | Moon Well |
| 14:11 | Healing Spray |
| 14:25 | Wisp |
| Right click | 910 |
| Select group | 507 |
| Assign group | 395 |
| Select | 154 |
| Resource trade | 152 |
| Build/train/purchase | 91 |
| Use ability | 38 |
| Misc. action | 31 |
| Chat | 7 |
| Remove unit | 3 |
| Item give/drop | 2 |
BEARAND
(15:21) : 


x1)
| Staff of Sanctuary | 2 | 500 |
| Boots of Speed | 3 | 750 |
| Staff of Teleportation | 3 | 450 |
| Circlet of Nobility | 1 | 175 |
| Tome of Retraining | 1 | 300 |
| Healing Salve | 1 | 100 |
| Orb of Lightning | 2 | 750 |
| total: | 13 | 3025g |
| Peasant | 18 | 1350 | / | 0 |
| total: | 18 | 1350g | / | 0w |
| Scout Tower | 27 | 810 | / | 540 |
| Arcane Tower | 1 | 70 | / | 50 |
| Guard Tower | 17 | 1190 | / | 850 |
| Altar of Kings | 1 | 180 | / | 50 |
| Farm | 4 | 320 | / | 80 |
| Lumber Mill | 1 | 120 | / | 0 |
| Town Hall | 1 | 385 | / | 205 |
| Arcane Vault | 2 | 260 | / | 60 |
| Blacksmith | 1 | 140 | / | 60 |
| Arcane Sanctum | 2 | 300 | / | 280 |
| Keep | 1 | 320 | / | 210 |
| Castle | 1 | 360 | / | 210 |
| total: | 39 | 2515g | / | 1275w |
| 0:02 | Peasant |
| 0:03 | Peasant |
| 0:07 | Altar of Kings |
| 0:18 | Farm |
| 0:27 | Peasant |
| 0:35 | Lumber Mill |
| 0:44 | Peasant |
| 0:54 | Farm |
| 0:57 | Peasant |
| 1:20 | Peasant |
| 1:27 | Scout Tower |
| 1:33 | Peasant |
| 1:37 | Scout Tower |
| 1:41 | Peasant |
| 1:47 | Peasant |
| 1:54 | Arcane Tower |
| 1:55 | Scout Tower |
| 1:59 | Peasant |
| 2:06 | Summon Water Elemental |
| 2:13 | Scout Tower |
| 2:13 | Guard Tower |
| 2:31 | Guard Tower |
| 2:32 | Scout Tower |
| 2:56 | Guard Tower |
| 2:58 | Scout Tower |
| 3:08 | Peasant |
| 3:08 | Peasant |
| 3:08 | Peasant |
| 3:08 | Peasant |
| 3:26 | Guard Tower |
| 3:45 | Brilliance Aura |
| 3:50 | Peasant |
| 3:52 | Guard Tower |
| 3:54 | Scout Tower |
| 3:55 | Scout Tower |
| 4:30 | Boots of Speed |
| 4:31 | Staff of Teleportation |
| 4:37 | Keep |
| 4:42 | Guard Tower |
| 4:46 | Scout Tower |
| 4:47 | Scout Tower |
| 5:12 | Healing Salve |
| 5:33 | Guard Tower |
| 5:36 | Town Hall |
| 5:40 | Guard Tower |
| 5:41 | Scout Tower |
| 5:41 | Scout Tower |
| 5:42 | Scout Tower |
| 5:43 | Scout Tower |
| 5:44 | Scout Tower |
| 5:44 | Scout Tower |
| 5:58 | Farm |
| 6:01 | Farm |
| 6:20 | Guard Tower |
| 6:48 | Summon Water Elemental |
| 7:03 | Guard Tower |
| 7:04 | Guard Tower |
| 7:35 | Guard Tower |
| 7:47 | Castle |
| 7:51 | Improved Lumber Harvesting |
| 7:55 | Storm Bolt |
| 8:07 | Guard Tower |
| 8:23 | Guard Tower |
| 8:24 | Scout Tower |
| 8:25 | Scout Tower |
| 8:26 | Scout Tower |
| 8:26 | Scout Tower |
| 8:27 | Scout Tower |
| 8:28 | Scout Tower |
| 9:02 | Guard Tower |
| 9:07 | Arcane Vault |
| 9:07 | Arcane Vault |
| 9:26 | Guard Tower |
| 9:48 | Staff of Teleportation |
| 9:52 | Boots of Speed |
| 9:54 | Circlet of Nobility |
| 10:03 | Arcane Sanctum |
| 10:05 | Arcane Sanctum |
| 10:07 | Scout Tower |
| 10:07 | Scout Tower |
| 10:09 | Scout Tower |
| 10:09 | Scout Tower |
| 10:10 | Scout Tower |
| 10:26 | Peasant |
| 10:27 | Peasant |
| 10:29 | Peasant |
| 10:55 | Orb of Lightning |
| 10:55 | Orb of Lightning |
| 11:31 | Staff of Sanctuary |
| 11:35 | Staff of Sanctuary |
| 13:18 | Flame Strike |
| 13:41 | Boots of Speed |
| 13:41 | Staff of Teleportation |
| 13:42 | Tome of Retraining |
| 13:42 | Retrain Hero |
| 13:50 | Flame Strike |
| 14:24 | Brilliance Aura |
| 14:33 | Bash |
| 14:58 | Blacksmith |
| 15:04 | Advanced Lumber Harvesting |
| Right click | 991 |
| Select group | 259 |
| Select | 249 |
| Build/train/purchase | 99 |
| Chat | 29 |
| Use ability | 24 |
| Resource trade | 24 |
| Assign group | 21 |
| Misc. action | 17 |
| Minimap ping | 8 |
| Item give/drop | 3 |
| Remove unit | 1 |
| Esc | 1 |



| Staff of Teleportation | 1 | 150 |
| Boots of Speed | 1 | 250 |
| Periapt of Vitality | 1 | 325 |
| total: | 3 | 725g |
| Peasant | 14 | 1050 | / | 0 |
| total: | 14 | 1050g | / | 0w |
| Scout Tower | 104 | 3120 | / | 2080 |
| Arcane Tower | 6 | 420 | / | 300 |
| Guard Tower | 30 | 2100 | / | 1500 |
| Altar of Kings | 1 | 180 | / | 50 |
| Farm | 4 | 320 | / | 80 |
| Lumber Mill | 1 | 120 | / | 0 |
| Arcane Vault | 3 | 390 | / | 90 |
| Town Hall | 1 | 385 | / | 205 |
| Arcane Sanctum | 1 | 150 | / | 140 |
| Keep | 1 | 320 | / | 210 |
| Castle | 1 | 360 | / | 210 |
| total: | 115 | 4665g | / | 2645w |
| 0:04 | Peasant |
| 0:04 | Peasant |
| 0:07 | Altar of Kings |
| 0:12 | Farm |
| 0:22 | Peasant |
| 0:32 | Peasant |
| 0:32 | Peasant |
| 0:38 | Lumber Mill |
| 0:44 | Peasant |
| 0:51 | Farm |
| 0:54 | Peasant |
| 1:01 | Scout Tower |
| 1:06 | Scout Tower |
| 1:07 | Peasant |
| 1:17 | Scout Tower |
| 1:20 | Peasant |
| 1:24 | Scout Tower |
| 1:31 | Arcane Tower |
| 1:33 | Arcane Tower |
| 1:43 | Peasant |
| 1:49 | Scout Tower |
| 1:54 | Scout Tower |
| 1:55 | Guard Tower |
| 2:03 | Guard Tower |
| 2:09 | Summon Water Elemental |
| 2:18 | Scout Tower |
| 2:29 | Guard Tower |
| 2:31 | Scout Tower |
| 2:53 | Guard Tower |
| 2:59 | Scout Tower |
| 3:00 | Scout Tower |
| 3:01 | Scout Tower |
| 3:08 | Brilliance Aura |
| 3:18 | Guard Tower |
| 3:20 | Scout Tower |
| 3:26 | Peasant |
| 3:26 | Peasant |
| 3:26 | Peasant |
| 3:27 | Peasant |
| 3:41 | Staff of Teleportation |
| 3:41 | Boots of Speed |
| 3:49 | Guard Tower |
| 3:51 | Scout Tower |
| 3:51 | Scout Tower |
| 3:53 | Arcane Tower |
| 3:55 | Guard Tower |
| 4:04 | Improved Masonry |
| 4:11 | Scout Tower |
| 4:11 | Scout Tower |
| 4:12 | Scout Tower |
| 4:27 | Keep |
| 4:35 | Guard Tower |
| 4:39 | Guard Tower |
| 4:43 | Scout Tower |
| 4:43 | Scout Tower |
| 4:57 | Guard Tower |
| 5:06 | Scout Tower |
| 5:27 | Farm |
| 5:28 | Farm |
| 5:33 | Guard Tower |
| 5:35 | Guard Tower |
| 5:40 | Scout Tower |
| 5:42 | Scout Tower |
| 5:43 | Scout Tower |
| 5:43 | Scout Tower |
| 5:44 | Scout Tower |
| 5:45 | Scout Tower |
| 5:46 | Scout Tower |
| 5:46 | Scout Tower |
| 5:47 | Scout Tower |
| 5:49 | Guard Tower |
| 5:51 | Scout Tower |
| 5:51 | Scout Tower |
| 5:52 | Scout Tower |
| 5:54 | Guard Tower |
| 5:56 | Scout Tower |
| 5:57 | Scout Tower |
| 5:58 | Scout Tower |
| 5:59 | Summon Water Elemental |
| 6:18 | Periapt of Vitality |
| 6:27 | Arcane Tower |
| 6:30 | Arcane Tower |
| 6:34 | Scout Tower |
| 6:35 | Scout Tower |
| 6:35 | Scout Tower |
| 6:36 | Scout Tower |
| 7:08 | Castle |
| 7:21 | Guard Tower |
| 7:23 | Scout Tower |
| 7:25 | Scout Tower |
| 7:25 | Scout Tower |
| 7:26 | Scout Tower |
| 8:04 | Guard Tower |
| 8:07 | Storm Bolt |
| 8:22 | Scout Tower |
| 8:25 | Scout Tower |
| 8:26 | Scout Tower |
| 8:32 | Advanced Masonry |
| 8:34 | Arcane Sanctum |
| 8:36 | Arcane Vault |
| 8:37 | Arcane Vault |
| 8:37 | Arcane Vault |
| 8:40 | Guard Tower |
| 8:41 | Scout Tower |
| 8:41 | Scout Tower |
| 8:42 | Scout Tower |
| 8:43 | Scout Tower |
| 8:43 | Scout Tower |
| 8:44 | Scout Tower |
| 8:59 | Brilliance Aura |
| 9:17 | Guard Tower |
| 9:19 | Scout Tower |
| 9:20 | Scout Tower |
| 10:18 | Bash |
| 10:35 | Guard Tower |
| 10:43 | Guard Tower |
| 11:08 | Scout Tower |
| 11:09 | Scout Tower |
| 11:09 | Scout Tower |
| 11:10 | Scout Tower |
| 11:10 | Scout Tower |
| 11:11 | Scout Tower |
| 11:11 | Scout Tower |
| 11:14 | Scout Tower |
| 11:15 | Scout Tower |
| 11:16 | Scout Tower |
| 11:16 | Scout Tower |
| 11:17 | Scout Tower |
| 11:38 | Guard Tower |
| 11:40 | Scout Tower |
| 11:40 | Scout Tower |
| 11:41 | Scout Tower |
| 11:43 | Scout Tower |
| 11:43 | Scout Tower |
| 11:51 | Holy Light |
| 12:20 | Imbued Masonry |
| 12:21 | Magic Sentry |
| 12:24 | Scout Tower |
| 12:24 | Scout Tower |
| 12:25 | Scout Tower |
| 12:26 | Scout Tower |
| 12:28 | Scout Tower |
| 12:29 | Scout Tower |
| 12:29 | Scout Tower |
| 12:29 | Scout Tower |
| 12:30 | Scout Tower |
| 12:31 | Scout Tower |
| 12:48 | Guard Tower |
| 12:51 | Guard Tower |
| 13:11 | Town Hall |
| 13:17 | Guard Tower |
| 13:19 | Scout Tower |
| 13:19 | Scout Tower |
| 13:20 | Scout Tower |
| 13:21 | Scout Tower |
| 13:21 | Scout Tower |
| 13:21 | Scout Tower |
| 13:22 | Scout Tower |
| 13:32 | Guard Tower |
| 13:35 | Scout Tower |
| 13:35 | Scout Tower |
| 13:38 | Scout Tower |
| 13:39 | Scout Tower |
| 13:39 | Scout Tower |
| 14:59 | Guard Tower |
| 15:02 | Guard Tower |
| 15:09 | Guard Tower |
| 15:13 | Scout Tower |
| 15:14 | Scout Tower |
| 15:14 | Scout Tower |
| 15:15 | Scout Tower |
| 15:16 | Scout Tower |
| 15:17 | Scout Tower |
| 15:18 | Scout Tower |
| 15:18 | Scout Tower |
| 15:19 | Scout Tower |
| 15:19 | Scout Tower |
| 15:21 | Scout Tower |
| Right click | 748 |
| Select group | 531 |
| Select | 218 |
| Build/train/purchase | 105 |
| Misc. action | 36 |
| Use ability | 20 |
| Minimap ping | 13 |
| Assign group | 8 |
| Item give/drop | 2 |



| Healing Salve | 2 | 200 |
| Lesser Clarity Potion | 2 | 140 |
| Boots of Speed | 1 | 250 |
| Staff of Teleportation | 1 | 150 |
| total: | 6 | 740g |
| Peon | 20 | 1500 | / | 0 |
| total: | 20 | 1500g | / | 0w |
| Watch Tower | 28 | 3080 | / | 2240 |
| Altar of Storms | 1 | 180 | / | 50 |
| Orc Burrow | 3 | 480 | / | 120 |
| War Mill | 1 | 205 | / | 0 |
| Voodoo Lounge | 3 | 390 | / | 90 |
| Great Hall | 1 | 385 | / | 185 |
| Stronghold | 1 | 315 | / | 190 |
| Fortress | 1 | 325 | / | 190 |
| total: | 37 | 4720g | / | 2685w |
| 0:02 | Peon |
| 0:02 | Peon |
| 0:06 | Altar of Storms |
| 0:18 | Orc Burrow |
| 0:28 | Peon |
| 0:41 | Peon |
| 0:50 | Peon |
| 0:59 | War Mill |
| 1:05 | Peon |
| 1:19 | Peon |
| 1:32 | Peon |
| 1:34 | Orc Burrow |
| 1:42 | Peon |
| 1:51 | Voodoo Lounge |
| 2:09 | Shockwave |
| 2:16 | Watch Tower |
| 2:22 | Peon |
| 2:31 | Peon |
| 2:39 | Watch Tower |
| 2:55 | Peon |
| 2:56 | Peon |
| 3:00 | Healing Salve |
| 3:00 | Lesser Clarity Potion |
| 3:03 | Peon |
| 3:53 | Watch Tower |
| 3:55 | Stronghold |
| 3:58 | Endurance Aura |
| 4:43 | Watch Tower |
| 4:59 | Great Hall |
| 5:03 | Lesser Clarity Potion |
| 5:10 | Spiked Barricades |
| 5:18 | Voodoo Lounge |
| 5:21 | Voodoo Lounge |
| 5:32 | Orc Burrow |
| 5:52 | Watch Tower |
| 5:57 | Watch Tower |
| 6:57 | Watch Tower |
| 7:00 | Watch Tower |
| 7:09 | Boots of Speed |
| 7:20 | Shockwave |
| 7:33 | Staff of Teleportation |
| 7:49 | Hex |
| 7:51 | Fortress |
| 8:02 | Peon |
| 8:02 | Peon |
| 8:02 | Peon |
| 8:03 | Peon |
| 8:12 | Watch Tower |
| 8:27 | Watch Tower |
| 8:29 | Peon |
| 8:30 | Peon |
| 9:07 | Watch Tower |
| 9:16 | Watch Tower |
| 9:18 | Healing Salve |
| 9:29 | Watch Tower |
| 9:31 | Watch Tower |
| 10:01 | Reinforced Defenses |
| 10:01 | Improved Spiked Barricades |
| 10:05 | Watch Tower |
| 10:16 | Watch Tower |
| 10:31 | Silence |
| 10:36 | Watch Tower |
| 10:38 | Watch Tower |
| 10:41 | Watch Tower |
| 11:12 | Watch Tower |
| 11:48 | Healing Wave |
| 11:53 | Watch Tower |
| 11:55 | Watch Tower |
| 11:56 | Watch Tower |
| 12:46 | Life Drain |
| 13:02 | Watch Tower |
| 13:04 | Watch Tower |
| 13:09 | Watch Tower |
| 13:45 | Watch Tower |
| 13:52 | Endurance Aura |
| 14:28 | Watch Tower |
| 15:02 | Pillage |
| Right click | 1044 |
| Select | 302 |
| Select group | 210 |
| Build/train/purchase | 58 |
| Misc. action | 56 |
| Chat | 52 |
| Use ability | 37 |
| Assign group | 5 |
| Item give/drop | 2 |
86 units @ 12.2k
/ 0.8k
63 buildings @ 7.9k
/ 2.8k

| Peasant | 11 | 825 | / | 0 |
| Footman | 13 | 1755 | / | 0 |
| Rifleman | 6 | 1230 | / | 180 |
| Spell Breaker | 2 | 430 | / | 60 |
| total: | 32 | 4240g | / | 240w |
| Scout Tower | 12 | 360 | / | 240 |
| Guard Tower | 3 | 210 | / | 150 |
| Farm | 13 | 1040 | / | 260 |
| Lumber Mill | 1 | 120 | / | 0 |
| Altar of Kings | 1 | 180 | / | 50 |
| Barracks | 1 | 160 | / | 60 |
| Blacksmith | 1 | 140 | / | 60 |
| Arcane Vault | 1 | 130 | / | 30 |
| Arcane Sanctum | 1 | 150 | / | 140 |
| Keep | 1 | 320 | / | 210 |
| total: | 31 | 2280g | / | 840w |
| 0:10 | Peasant |
| 0:11 | Peasant |
| 0:11 | Peasant |
| 0:11 | Peasant |
| 0:11 | Peasant |
| 0:11 | Peasant |
| 0:11 | Peasant |
| 0:47 | Farm |
| 0:48 | Farm |
| 0:53 | Lumber Mill |
| 1:20 | Altar of Kings |
| 1:26 | Peasant |
| 1:26 | Peasant |
| 1:27 | Peasant |
| 1:27 | Peasant |
| 2:08 | Scout Tower |
| 2:09 | Scout Tower |
| 2:13 | Scout Tower |
| 2:16 | Scout Tower |
| 2:17 | Scout Tower |
| 2:23 | Scout Tower |
| 2:29 | Farm |
| 2:30 | Farm |
| 2:31 | Farm |
| 2:32 | Farm |
| 2:34 | Farm |
| 2:35 | Farm |
| 2:38 | Farm |
| 2:39 | Farm |
| 2:40 | Farm |
| 2:41 | Farm |
| 2:43 | Farm |
| 3:07 | Improved Masonry |
| 3:36 | Barracks |
| 3:48 | Blacksmith |
| 3:52 | Devotion Aura |
| 4:44 | Footman |
| 4:44 | Footman |
| 4:45 | Footman |
| 4:45 | Footman |
| 4:45 | Footman |
| 4:46 | Footman |
| 4:52 | Footman |
| 5:15 | Arcane Vault |
| 5:19 | Iron Forged Swords |
| 5:41 | Iron Plating |
| 6:17 | Guard Tower |
| 6:43 | Scout Tower |
| 6:44 | Scout Tower |
| 6:44 | Scout Tower |
| 6:47 | Scout Tower |
| 6:48 | Scout Tower |
| 6:49 | Scout Tower |
| 7:12 | Black Gunpowder |
| 7:14 | Studded Leather Armor |
| 7:20 | Guard Tower |
| 7:56 | Defend |
| 8:42 | Rifleman |
| 8:49 | Keep |
| 9:10 | Rifleman |
| 9:16 | Rifleman |
| 9:47 | Rifleman |
| 11:05 | Divine Shield |
| 11:22 | Advanced Masonry |
| 11:23 | Improved Lumber Harvesting |
| 11:26 | Arcane Sanctum |
| 11:33 | Steel Forged Swords |
| 11:33 | Steel Plating |
| 12:11 | Holy Light |
| 12:13 | Guard Tower |
| 12:17 | Footman |
| 12:17 | Rifleman |
| 12:18 | Footman |
| 13:00 | Spell Breaker |
| 13:00 | Spell Breaker |
| 13:28 | Footman |
| 13:29 | Footman |
| 14:10 | Footman |
| 14:11 | Rifleman |
| 14:13 | Footman |
| Select | 103 |
| Right click | 67 |
| Build/train/purchase | 59 |
| Select group | 30 |
| Assign group | 24 |
| Misc. action | 5 |
| Use ability | 1 |
| Minimap ping | 1 |


| Peon | 5 | 375 | / | 0 |
| Grunt | 8 | 1600 | / | 0 |
| Troll Headhunter | 4 | 560 | / | 80 |
| Shaman | 2 | 260 | / | 40 |
| total: | 19 | 2795g | / | 120w |
| Watch Tower | 1 | 110 | / | 80 |
| Altar of Storms | 2 | 360 | / | 100 |
| Orc Burrow | 5 | 800 | / | 200 |
| Barracks | 1 | 180 | / | 50 |
| War Mill | 1 | 205 | / | 0 |
| Spirit Lodge | 1 | 150 | / | 150 |
| Stronghold | 1 | 315 | / | 190 |
| total: | 11 | 1805g | / | 580w |
| 0:03 | Peon |
| 0:03 | Peon |
| 0:08 | Altar of Storms |
| 0:11 | Altar of Storms |
| 0:19 | Orc Burrow |
| 0:37 | Peon |
| 1:03 | Barracks |
| 1:32 | Peon |
| 1:35 | Peon |
| 1:52 | War Mill |
| 2:11 | Orc Burrow |
| 2:33 | Grunt |
| 2:35 | Healing Wave |
| 2:53 | Grunt |
| 3:14 | Orc Burrow |
| 3:20 | Troll Headhunter |
| 3:38 | Grunt |
| 4:03 | Troll Headhunter |
| 4:10 | Orc Burrow |
| 4:37 | Steel Melee Weapons |
| 4:47 | Stronghold |
| 5:08 | Orc Burrow |
| 5:27 | Grunt |
| 5:31 | Serpent Ward |
| 5:58 | Troll Headhunter |
| 6:07 | Watch Tower |
| 6:27 | Grunt |
| 6:59 | Troll Headhunter |
| 7:42 | Spirit Lodge |
| 8:01 | Grunt |
| 8:35 | Grunt |
| 8:58 | Shaman |
| 8:58 | Shaman |
| 9:11 | Grunt |
| 9:37 | Chain Lighting |
| Right click | 260 |
| Select | 199 |
| Build/train/purchase | 31 |
| Select group | 25 |
| Use ability | 9 |
| Assign group | 8 |

| Peon | 9 | 675 | / | 0 |
| Grunt | 7 | 1400 | / | 0 |
| Wind Rider | 5 | 1325 | / | 200 |
| total: | 21 | 3400g | / | 200w |
| Watch Tower | 2 | 220 | / | 160 |
| Orc Burrow | 5 | 800 | / | 200 |
| Altar of Storms | 1 | 180 | / | 50 |
| Barracks | 1 | 180 | / | 50 |
| War Mill | 1 | 205 | / | 0 |
| Great Hall | 2 | 770 | / | 370 |
| Beastiary | 2 | 290 | / | 280 |
| Stronghold | 1 | 315 | / | 190 |
| total: | 14 | 2645g | / | 1110w |
| 0:03 | Orc Burrow |
| 0:05 | Altar of Storms |
| 0:14 | Barracks |
| 0:32 | Peon |
| 0:48 | Peon |
| 1:17 | Peon |
| 1:19 | Grunt |
| 1:27 | Peon |
| 1:46 | Peon |
| 1:55 | Orc Burrow |
| 2:02 | Peon |
| 2:09 | Peon |
| 2:18 | Peon |
| 2:29 | Wind Walk |
| 2:42 | Orc Burrow |
| 2:53 | Grunt |
| 3:13 | Grunt |
| 3:33 | Grunt |
| 4:08 | Stronghold |
| 4:29 | Grunt |
| 4:45 | War Mill |
| 5:03 | Grunt |
| 5:24 | Grunt |
| 5:41 | Orc Burrow |
| 5:49 | Critical Strike |
| 6:16 | Great Hall |
| 6:31 | Beastiary |
| 6:58 | Beastiary |
| 7:07 | Peon |
| 7:16 | Orc Burrow |
| 7:41 | Wind Rider |
| 8:05 | Wind Rider |
| 8:25 | Wind Rider |
| 9:16 | Great Hall |
| 9:39 | Wind Rider |
| 10:11 | Wind Rider |
| 10:36 | Watch Tower |
| 10:38 | Watch Tower |
| Select | 156 |
| Right click | 138 |
| Build/train/purchase | 26 |
| Minimap ping | 1 |

| Healing Salve | 1 | 100 |
| Lesser Clarity Potion | 1 | 70 |
| total: | 2 | 170g |
| Peon | 3 | 225 | / | 0 |
| Troll Headhunter | 11 | 1540 | / | 220 |
| total: | 14 | 1765g | / | 220w |
| Altar of Storms | 1 | 180 | / | 50 |
| Barracks | 1 | 180 | / | 50 |
| Orc Burrow | 3 | 480 | / | 120 |
| War Mill | 1 | 205 | / | 0 |
| Voodoo Lounge | 1 | 130 | / | 30 |
| Stronghold | 1 | 315 | / | 190 |
| total: | 7 | 1175g | / | 250w |
| 0:04 | Peon |
| 0:06 | Peon |
| 0:28 | Altar of Storms |
| 0:30 | Peon |
| 0:47 | Barracks |
| 1:01 | Orc Burrow |
| 1:36 | War Mill |
| 3:02 | Orc Burrow |
| 3:16 | War Stomp |
| 3:35 | Troll Headhunter |
| 3:35 | Troll Headhunter |
| 3:36 | Troll Headhunter |
| 4:14 | Troll Headhunter |
| 6:10 | Shockwave |
| 6:23 | Voodoo Lounge |
| 6:34 | Troll Headhunter |
| 6:34 | Troll Headhunter |
| 7:32 | Stronghold |
| 7:39 | Orc Burrow |
| 8:45 | Healing Salve |
| 8:46 | Lesser Clarity Potion |
| 8:53 | Troll Headhunter |
| 10:48 | Troll Regeneration |
| 10:49 | Troll Headhunter |
| 10:49 | Troll Headhunter |
| 10:49 | Troll Headhunter |
| 10:51 | Troll Headhunter |
| Right click | 173 |
| Select | 117 |
| Build/train/purchase | 32 |
| Use ability | 5 |
| Misc. action | 1 |
| Remove unit | 1 |
| Esc | 1 |
⇛